 Dungeon Crawl Stone Soup version 0.24.0-1-gfbc8707122 (webtiles) character file.

Game seed: 18385882729205658093, levelgen mode: deterministic

765 theswoord the Cleaver (level 7, -4/75 HPs)
             Began as a Demonspawn Gladiator on Oct 27, 2019.
             Engulfed by a cloud of flame (15 damage)
             ... on level 5 of the Dungeon.
             The game lasted 00:09:30 (4278 turns).

theswoord the Cleaver (Demonspawn Gladiator)        Turns: 4278, Time: 00:09:30

Health: -4/75      AC: 23    Str: 21 (22) XL:     7   Next: 51%
Magic:  7/7        EV:  2    Int:  9      God:
Gold:   278        SH:  0    Dex: 12 (15) Spells: 6/6 levels left

rFire    . . .     SeeInvis .   a - +0 war axe
rCold    . . .     Gourm    .   (no shield)
rNeg     + + +     Faith    .   (armour currently unavailable)
rPois    +         Spirit   .   (helmet currently unavailable)
rElec    .         Reflect  .   (cloak currently unavailable)
rCorr    .         Harm     .   (gloves currently unavailable)
MR       .....     NoTele   +   (boots currently unavailable)
Stlth    ++........             (no amulet)
HPRegen  0.22/turn              k - +6 ring of strength
MPRegen  0.10/turn              (no ring)

@: tree-form, marked, hasted, very quick
A: nightstalker 1
a: no special abilities


You were on level 5 of the Dungeon.
You were not hungry.
You were a tree.
You visited 1 branch of the dungeon, and saw 5 of its levels.

You collected 278 gold pieces.

Inventory:

Hand Weapons
 a - a +0 war axe (weapon)
Missiles
 d - 3 throwing nets (quivered)
Armour
 b - a +0 leather armour
 c - a +1 helmet (melded)
 g - a +0 scale mail
 h - a +0 cloak (melded)
 n - a +0 plate armour (melded)
 r - a +0 pair of gloves
Jewellery
 k - a +6 ring of strength (left branch)
Potions
 e - a potion of heal wounds
 l - a potion of flight
 o - a potion of curing
Comestibles
 f - 11 rations
 j - 4 chunks of flesh


   Skills:
 - Level 2.0 Fighting
 + Level 8.2 Axes
 - Level 1.7 Throwing
 - Level 2.6 Dodging


You had 6 spell levels left.
You didn't know any spells.
Your spell library was empty.

Dungeon Overview and Level Annotations

Branches:
Dungeon (5/15)
 Temple: D:4-7

Altars:
Cheibriados

Shops:
D:4 =


Innate Abilities, Weirdness & Mutations

((You have sharp toenails.))
((Your flesh is heat resistant. (rF+)))
You are slightly more attuned to the shadows.


Message History

The hippogriff claws you.
You slash the hippogriff!
The hippogriff explodes!
The fiery explosion engulfs the hound skeleton!!
You destroy the hound skeleton!
The fiery explosion engulfs you!
You feel your intelligence returning.
Your Axes skill increases to level 8!
You are engulfed in blazing flames.
* * * LOW HITPOINT WARNING * * *
Unknown command.
You're standing in a cloud of flame!
You are engulfed in blazing flames.
* * * LOW HITPOINT WARNING * * *
You are engulfed in blazing flames.
* * * LOW HITPOINT WARNING * * *
You are engulfed in blazing flames.
* * * LOW HITPOINT WARNING * * *
You are engulfed in blazing flames.
You die...

#.##.##.##########
#....##.# #>....
#..####.# #.####
#..####.# #
#.......#
##(###### #### #.#
#... ####.# #.##
#..♣.# #.## #§####
#.## # #.## #...
#### # # # #


There were no monsters in sight!

Vanquished Creatures
  A hippogriff (D:5)
  A scorpion (D:5)
  4 hounds
  3 orc priests (D:4)
  3 orc wizards
  Ijyb (D:3)
  A hound skeleton (D:5)
  A howler monkey skeleton (D:4)
  3 gnolls (D:3)
  6 adders
  3 worms
  A dart slug (D:4)
  6 leopard geckos
  16 orcs
  3 ball pythons
  8 bats
  3 giant cockroaches
  7 goblins
  9 hobgoblins
  2 jackals (D:3)
  4 kobolds
  3 quokkas
  8 frilled lizards
  5 rats
102 creatures vanquished.

Notes
Turn   | Place    | Note
-------+----------+-------------------------------------------
     0 | D:1      | theswoord the Demonspawn Gladiator began the quest for the
                  | Orb.
     0 | D:1      | Reached XP level 1. HP: 16/16 MP: 1/1
    66 | D:1      | Reached skill level 3 in Axes
    72 | D:1      | Gained mutation: You are slightly more attuned to the
                  | shadows. [demonic ancestry]
    72 | D:1      | Reached XP level 2. HP: 5/22 MP: 2/2
   677 | D:1      | Gained mutation: Your flesh is heat resistant. (rF+)
                  | [demonic ancestry]
   677 | D:1      | Reached XP level 3. HP: 14/27 MP: 3/3
  1328 | D:2      | Reached skill level 4 in Axes
  1840 | D:2      | Gained mutation: You have sharp toenails. [demonic
                  | ancestry]
  1840 | D:2      | Reached XP level 4. HP: 28/33 MP: 4/4
  2058 | D:3      | Noticed Ijyb
  2078 | D:3      | Killed Ijyb
  2078 | D:3      | Reached skill level 5 in Axes
  2379 | D:3      | Reached XP level 5. HP: 38/38 MP: 5/5
  2870 | D:4      | Reached skill level 6 in Axes
  2932 | D:4      | Reached XP level 6. HP: 44/44 MP: 6/6
  3094 | D:4      | Found a snail-covered altar of Cheibriados.
  3400 | D:4      | Found Uwogg's Jewellery Shoppe.
  3568 | D:4      | Reached skill level 7 in Axes
  4122 | D:5      | Entered Level 5 of the Dungeon
  4179 | D:5      | Reached XP level 7. HP: 42/50 MP: 7/7
  4262 | D:5      | Noticed a hippogriff
  4274 | D:5      | Killed a hippogriff
  4274 | D:5      | Reached skill level 8 in Axes
  4278 | D:5      | Engulfed by a cloud of flame

Skill      XL: |  1  2  3  4  5  6  7 |
---------------+----------------------+-----
Axes           | 3 4 5 6 7 8 |  8.2
Fighting       | |  2.0
Throwing       | |  1.7
Dodging        | |  2.6

Action                   |  1- 3 |  4- 6 |  7- 9 || total
-------------------------+-------+-------+-------++-------
Melee: War axe           |    98 |   170 |    19 ||   287
       Kick              |       |    44 |     5 ||    49
  Use: Scroll            |     5 |     4 |     1 ||    10
       Potion            |       |     2 |     3 ||     5
 Stab: Sleeping          |     9 |       |       ||     9
  Eat: Chunk             |     3 |     6 |     2 ||    11
Armor: Leather armour    |    28 |       |       ||    28
       Scale mail        |     7 |    26 |       ||    33
       Plate armour      |       |    99 |     4 ||   103
       Skin              |       |       |    14 ||    14
Dodge: Dodged            |    67 |    74 |     3 ||   144

Levels and vault maps discovered:
D:1:      lemuel_arrival_lava_pool, layout_basic
D:2:      layout_loops_corners
D:3:      layout_loops_cross, uniq_ijyb
D:4:      layout_basic, kennysheep_slug_shrine, serial_shops,
          nicolae_shop_waterfront
D:5:      layout_loops_cross, minmay_temple_entry_statues_pillars, first_ration,
          serial_shops, shop, uniq_eustachio
